Map: [ESL] Alcyone

Players

DKZDark (Dark)

  • Race: Zerg Zerg
  • League: Master
  • Spawn Location: 1:00

DKZherO (herO) - Winner!

  • Race: Protoss Protoss
  • League: Grandmaster
  • Spawn Location: 7:00

VOD

Have the link to the VOD?

Description

Time

  • Played on: Nov. 28, 2023, 9:49 a.m.
  • Length: 18:41
Show
View Real Time Build Order
Export as new Build Order

DKZDark Zerg 

Build Orders: Hatch First, Lurkers 

Get SALT Encoding   

  12  0:00  Drone  
  13  0:12  Overlord  
  13  0:17  Drone  
  14  0:40  Drone  
  15  0:45  Hatchery  
  15  0:48  Drone  
  15  0:52  Drone  
  16  1:08  Spawning Pool  
  15  1:11  Drone  
  15  1:15  Drone  
  17  1:20  Drone  
  18  1:30  Extractor  
  18  1:32  Drone  
  19  1:40  Drone  
  19  1:49  Drone  
  20  1:56  Zergling x2, Queen x2  
  20  1:59  Drone  
  26  2:06  Overlord  
  26  2:10  Drone  
  27  2:20  Drone  
  28  2:25  Drone  
  29  2:37  Hatchery  
  29  2:39  Zergling x2  
  29  2:40  Drone  
  29  2:42  Drone  
  31  2:46  Metabolic Boost  
  31  2:51  Overlord  
  31  2:54  Drone  
  31  2:56  Drone  
  33  3:01  Drone  
  33  3:03  Drone  
  35  3:06  Drone  
  35  3:10  Zergling x4  
  35  3:12  Queen  
  38  3:17  Overlord  
  38  3:18  Drone  
  41  3:20  Drone  
  41  3:26  Queen  
  44  3:33  Spore Crawler  
  43  3:37  Drone x5  
  48  3:43  Drone x3  
  48  3:44  Drone  
  52  3:53  Overlord x2  
  52  3:58  Evolution Chamber  
  52  4:02  Spore Crawler  
  50  4:10  Queen x2  
  50  4:12  Drone x3  
  50  4:14  Drone  
  50  4:17  Drone x2  
  60  4:19  Drone x2  
  60  4:21  Drone  
  63  4:25  Zerg Melee Weapons Level 1  
  63  4:28  Zergling x4  
  65  4:36  Overlord  
  65  4:38  Drone  
  65  4:41  Overlord  
  65  4:45  Overlord  
  65  4:46  Drone  
  65  4:49  Overlord  
  65  4:52  Overlord  
  65  4:54  Overlord  
  65  4:56  Zergling x10  
  65  4:58  Lair  
  65  4:59  Drone  
  70  5:08  Zergling x6  
  70  5:13  Zergling x12  
  77  5:18  Zergling x2  
  77  5:23  Spore Crawler  
  71  5:29  Zergling x10  
  71  5:35  Zergling x6  
  72  5:39  Zergling x4  
  72  5:44  Drone  
  72  5:46  Drone x2  
  72  5:48  Drone  
  76  5:51  Zergling x2  
  76  5:52  Overlord  
  76  5:56  Zergling x6, Roach Warren  
  76  5:57  Zergling x2  
  78  6:02  Zergling x2  
  79  6:04  Extractor  
  79  6:05  Hatchery, Zergling x8, Extractor  
  79  6:08  Zergling x8  
  84  6:17  Zergling x2  
  77  6:25  Zergling x4  
  77  6:27  Zergling x2  
  77  6:33  Hatchery  
  77  6:34  Drone x2  
  77  6:35  Drone x3  
  77  6:39  Drone x3  
  79  6:41  Drone  
  79  6:42  Drone  
  79  6:44  Zerg Melee Weapons Level 2  
  79  6:46  Drone x2  
  83  6:53  Zergling x4  
  84  6:56  Drone  
  84  7:00  Infestation Pit  
  84  7:05  Zergling x6  
  87  7:14  Drone x3  
  87  7:15  Zergling x4  
  92  7:18  Zergling x8, Hatchery  
  94  7:24  Zergling x8  
  94  7:29  Zergling x6  
  101  7:34  Zergling x4  
  103  7:37  Hive  
  103  7:39  Drone  
  103  7:40  Drone x2  
  103  7:42  Drone x2  
  108  7:47  Zergling x10  
  108  7:51  Glial Reconstitution, Hatchery  
  113  7:52  Drone x3  
  113  7:53  Drone x4  
  118  7:58  Extractor  
  118  8:00  Drone x2, Extractor  
  118  8:03  Zergling x12  
  124  8:09  Overlord x4  
  124  8:14  Zergling x4  
  124  8:32  Drone x7  
  130  8:37  Roach x11, Evolution Chamber  
  130  8:40  Overlord  
  147  8:43  Overlord  
  147  8:47  Overlord  
  145  8:52  Viper x2  
  145  8:55  Zergling x14, Hatchery  
  157  9:05  Adrenal Glands  
  157  9:09  Zergling x6  
  166  9:10  Zergling x16  
  166  9:12  Zerg Missile Weapons Level 1  
  166  9:20  Zergling x8  
  166  9:21  Zergling x12  
  174  9:30  Zergling x20  
  181  9:36  Zergling x14  
  174  9:46  Zergling x18  
  178  9:57  Drone x4  
  178  9:58  Hydralisk Den  
  178  9:59  Extractor  
  180  10:00  Zerg Melee Weapons Level 3  
  180  10:11  Overlord  
  180  10:12  Drone x4  
  180  10:14  Zergling x14  
  187  10:15  Unknown  
  176  10:30  Zergling x24  
  176  10:31  Zergling x2  
  150  10:43  Grooved Spines  
  150  10:44  Hydralisk x3  
  150  10:45  Hydralisk x6  
  168  10:52  Drone  
  168  10:54  Hydralisk x5  
  179  11:01  Lurker Den  
  178  11:04  Hydralisk x2  
  178  11:05  Hydralisk  
  179  11:19  Hydralisk  
  151  11:27  Hydralisk  
  132  11:33  Muscular Augments  
  132  11:38  Hydralisk  
  132  11:39  Hydralisk x6  
  126  11:42  Hydralisk x10  
  126  11:43  Zergling x2  
  126  11:44  Zergling x8  
  147  11:49  Hydralisk x3  
  147  11:51  Zergling x2  
  147  11:52  Zergling x4  
  143  11:55  Hydralisk  
  143  11:57  Zergling x4  
  139  12:21  Hatchery  
  126  12:34  Extractor  
  126  12:35  Hatchery  
  124  12:39  Hydralisk x8  
  140  12:47  Seismic Spines  
  140  12:51  Drone x6  
  146  13:03  Lurker  
  146  13:05  Lurker  
  148  13:08  Zergling x18  
  157  13:13  Zergling x4  
  157  13:19  Zergling x4  
  162  13:26  Hatchery  
  157  13:28  Lurker x3  
  160  13:36  Extractor  
  160  13:41  Zergling x20  
  169  13:42  Lurker  
  169  13:43  Lurker  
  169  13:47  Overseer  
  158  14:17  Zergling x6  
  158  14:18  Zergling x28  
  158  14:21  Lurker x4  
  178  14:25  Adaptive Talons  
  178  14:34  Lurker  
  178  14:35  Zergling x8, Lurker  
  178  14:36  Overlord x2  
  184  14:41  Zergling x4  
  184  14:44  Lurker  
  186  14:50  Zergling x6  
  189  14:58  Lurker x3  
  192  15:04  Zerg Missile Weapons Level 2  
  192  15:10  Overlord  
  171  15:30  Zergling x28  
  173  15:43  Hydralisk x3  
  131  15:57  Zergling x14  
  131  15:58  Zergling x6  
  131  16:05  Zergling x4  
  131  16:14  Zergling x2  
  131  16:20  Zergling x14  
  131  16:25  Zergling x6  
  134  16:28  Lurker  
  134  16:29  Lurker  
  134  16:30  Lurker x4  
  135  16:39  Zergling x6  
  122  17:04  Hydralisk  
  122  17:05  Hydralisk  
  122  17:06  Hydralisk  
Show
View Real Time Build Order
Export as new Build Order

DKZherO Protoss - Winner!

Build Orders: 1 Gate Expand, Oracle Opening 

Get SALT Encoding   

  12  0:00  Probe  
  13  0:12  Probe  
  14  0:17  Pylon  
  14  0:24  Probe (Chrono Boost)  
  16  0:36  Probe (Chrono Boost)  
  16  0:38  Gateway  
  16  0:43  Probe (Chrono Boost)  
  16  0:47  Assimilator  
  17  0:50  Probe  
  18  1:03  Probe  
  19  1:15  Probe  
  20  1:25  Nexus  
  20  1:34  Cybernetics Core  
  20  1:36  Probe  
  21  1:43  Assimilator  
  21  1:49  Probe  
  22  1:54  Pylon  
  22  2:01  Probe  
  23  2:10  Adept (Chrono Boost)  
  23  2:13  Probe  
  26  2:16  Stargate  
  26  2:25  Warp Gate, Probe (Chrono Boost)  
  27  2:32  Adept  
  27  2:37  Probe x2 (Chrono Boost)  
  31  2:46  Probe x2 (Chrono Boost)  
  31  2:51  Probe x2 (Chrono Boost)  
  35  3:04  Void Ray (Chrono Boost), Probe  
  40  3:05  Probe  
  40  3:10  Pylon  
  41  3:16  Probe  
  41  3:17  Probe  
  43  3:20  Gateway  
  43  3:26  Gateway  
  43  3:28  Gateway  
  45  3:35  Oracle  
  45  3:36  Probe  
  45  3:37  Probe  
  48  3:46  Pylon  
  48  3:48  Adept, Probe  
  48  3:49  Probe  
  52  4:02  Nexus  
  52  4:05  Pylon  
  52  4:08  Probe  
  52  4:09  Probe  
  54  4:19  Adept  
  54  4:23  Adept, Probe x2  
  60  4:26  Adept  
  60  4:29  Pylon  
  60  4:30  Assimilator  
  62  4:36  Probe x2  
  64  4:48  Adept x3  
  70  4:53  Probe x2  
  70  4:57  Twilight Council  
  70  4:59  Forge  
  72  5:05  Probe x2  
  74  5:12  Pylon  
  74  5:19  Protoss Ground Weapons Level 1  
  74  5:24  Probe x2  
  74  5:27  Adept x3  
  79  5:29  Oracle  
  79  5:34  Blink (Chrono Boost), Probe  
  81  5:36  Probe x2  
  83  5:46  Probe  
  83  5:48  Probe x2  
  83  5:49  Shield Battery  
  84  5:52  Pylon  
  84  5:53  Stalker x3  
  90  5:58  Probe  
  90  5:59  Forge  
  90  6:03  Assimilator  
  91  6:04  Probe x2  
  91  6:07  Assimilator  
  91  6:08  Gateway  
  91  6:09  Gateway  
  91  6:10  Probe  
  94  6:19  Nexus  
  94  6:22  Pylon  
  94  6:24  Stalker x2  
  96  6:27  Stalker  
  98  6:34  Probe  
  98  6:35  Probe x2  
  89  6:49  Gateway  
  89  6:50  Gateway x2  
  89  6:52  Gateway, Protoss Ground Armor Level 1 (Chrono Boost)  
  89  6:53  Stalker x3  
  95  6:55  Gateway, Probe  
  95  6:56  Probe  
  95  6:59  Photon Cannon  
  97  7:01  Shield Battery  
  97  7:03  Probe  
  98  7:12  Stalker x2  
  98  7:15  Protoss Ground Weapons Level 2 (Chrono Boost)  
  102  7:16  Robotics Facility  
  102  7:19  Probe x2, Charge  
  102  7:20  Probe  
  105  7:29  Stalker  
  107  7:30  Shield Battery  
  107  7:31  Probe x2  
  107  7:33  Probe  
  107  7:34  Probe  
  107  7:38  Stalker x2  
  107  7:43  Gateway  
  111  7:46  Gateway  
  111  7:47  Stalker  
  113  7:52  Probe x2  
  113  7:54  Probe  
  116  7:58  Probe  
  117  8:06  Pylon  
  117  8:09  Observer (Chrono Boost)  
  118  8:16  Templar Archives  
  118  8:19  Pylon, Warp Prism (Chrono Boost)  
  114  8:29  Stalker x10  
  132  8:41  Protoss Ground Armor Level 2 (Chrono Boost)  
  126  8:43  Gateway  
  126  8:44  Gateway, Nexus  
  126  8:45  Shield Battery  
  126  8:47  Pylon  
  126  8:52  Pylon  
  126  8:54  Observer (Chrono Boost)  
  127  8:55  Zealot  
  127  8:56  Zealot x4  
  127  8:57  Zealot  
  139  9:02  Zealot  
  139  9:03  Zealot x2  
  145  9:13  Probe x4  
  151  9:24  Immortal (Chrono Boost)  
  151  9:25  Probe x2  
  150  9:38  Protoss Ground Weapons Level 3 (Chrono Boost)  
  136  9:39  Zealot, High Templar x4  
  136  9:40  Zealot x7  
  136  9:43  Probe  
  136  9:44  Probe x3  
  158  9:45  Assimilator  
  158  9:47  Archon  
  158  9:48  Archon  
  150  9:55  Nexus  
  150  9:58  Photon Cannon  
  150  9:59  Photon Cannon  
  146  10:00  Immortal (Chrono Boost)  
  148  10:14  Photon Cannon, Pylon  
  148  10:19  Zealot x7  
  162  10:24  Zealot x2, High Templar x2  
  168  10:28  Archon  
  168  10:30  Zealot x3  
  154  10:39  Immortal (Chrono Boost)  
  154  10:46  Zealot x7, High Templar x2  
  172  10:50  Shield Battery, Photon Cannon  
  172  10:52  Archon  
  172  10:53  Protoss Ground Armor Level 3 (Chrono Boost)  
  172  10:55  Zealot x3  
  178  11:12  Zealot x6  
  178  11:13  Zealot, Warp Prism (Chrono Boost)  
  194  11:23  Zealot x5  
  194  11:24  Zealot x2  
  151  11:39  Robotics Facility  
  137  11:41  Immortal (Chrono Boost)  
  137  11:45  High Templar  
  137  11:46  Zealot x5, High Templar x3  
  137  11:47  Zealot x4  
  157  11:48  Zealot  
  157  11:50  Probe x4, Archon  
  157  11:51  Probe, Archon  
  162  11:54  Probe  
  163  12:02  Probe x2  
  163  12:05  Pylon  
  163  12:07  Observer  
  157  12:08  Protoss Shields Level 1 (Chrono Boost)  
  157  12:10  Immortal (Chrono Boost)  
  151  12:20  Zealot x8, Stalker x6  
  151  12:22  Observer  
  159  12:30  Assimilator  
  159  12:33  Assimilator  
  159  12:35  Photon Cannon  
  159  12:37  Photon Cannon  
  159  12:39  Observer, Immortal (Chrono Boost)  
  159  12:40  Photon Cannon  
  164  12:45  Observer (Chrono Boost)  
  164  12:50  Zealot x5  
  164  12:51  Zealot x6  
  186  12:59  Fleet Beacon  
  186  13:05  Nexus, Pylon  
  186  13:09  Shield Battery  
  186  13:11  Pylon  
  186  13:12  Immortal  
  170  13:28  Assimilator  
  170  13:31  Photon Cannon  
  170  13:32  Photon Cannon  
  170  13:35  Protoss Air Weapons Level 1 (Chrono Boost)  
  170  13:36  Photon Cannon  
  170  13:37  Photon Cannon, High Templar x4  
  170  13:39  Photon Cannon  
  170  13:41  Zealot x2, Photon Cannon, Archon x2, High Templar x2  
  178  13:42  Photon Cannon, Zealot x3  
  178  13:44  Photon Cannon  
  178  13:46  Shield Battery  
  192  13:50  Observer x2  
  192  13:54  Warp Prism  
  200  14:04  Mothership (Chrono Boost)  
  181  14:13  Psionic Storm  
  170  14:19  Flux Vanes  
  164  14:26  Photon Cannon  
  164  14:29  Photon Cannon  
  164  14:32  Stargate x2  
  164  14:35  Assimilator x2  
  164  14:37  High Templar x2  
  168  14:46  Zealot x2  
  168  14:47  Zealot x10  
  192  14:55  Assimilator  
  192  14:56  Nexus  
  192  14:58  Pylon  
  192  15:00  Assimilator  
  192  15:13  Observer  
  167  15:29  Zealot x3  
  167  15:30  Zealot x3  
  167  15:32  Stalker x6  
  152  15:55  Archon  
  118  16:02  Stalker  
  118  16:03  Stalker x3  
  102  16:04  Stalker x6  
  124  16:13  Robotics Facility  
  124  16:14  Gateway x2  
  115  16:20  Photon Cannon  
  115  16:21  Photon Cannon  
  115  16:22  Photon Cannon x2  
  115  16:23  Photon Cannon  
  112  16:27  Zealot x7  
  114  16:37  Gateway  
  114  16:40  Gateway  
  114  16:42  Gateway  
  114  16:43  Cybernetics Core  
  114  16:48  Zealot x4  
  113  17:12  Observer  
  109  17:20  Gateway  
  109  17:21  Gateway, Pylon  
  109  17:23  Gateway  
  109  17:25  Shield Battery  
  109  17:35  Pylon  
  100  17:47  Pylon  
  100  17:48  Gateway x2  
  100  17:51  Gateway  
  100  17:53  Gateway  
  100  17:54  Gateway  
  100  17:57  Gateway  
  98  17:58  Gateway  
  98  18:00  Robotics Facility  
  98  18:02  Pylon  
  98  18:03  Pylon, Robotics Facility  
  98  18:05  Pylon  
  96  18:06  Pylon  
  94  18:18  Cybernetics Core  
  94  18:25  Zealot  
Tags
 
Add a new tag
Caveats
  • Supply blocks, unpowered buildings, or Contaminate may cause inaccurate times.
  • Supply counts are checked every 10 seconds.